 Dungeon Crawl Stone Soup version 0.20.1-1-g8b1a95d (webtiles) character file.

11613 rutigerpupkin the Arsonist (level 11, -1/63 HPs)
             Began as a Gargoyle Fire Elementalist on Oct 8, 2017.
             Was a Priest of Vehumet.
             Slain by Snorg (8 damage)
             ... on level 3 of the Lair of Beasts.
             The game lasted 00:55:04 (11539 turns).

rutigerpupkin the Arsonist (GrFE)                  Turns: 11539, Time: 00:55:04

Health: -1/63      AC: 13    Str: 12    XL:     11   Next: 80%
Magic:  4/22       EV: 14    Int: 19    God:    Vehumet [***...]
Gold:   514        SH: 11    Dex: 10    Spells: 12/25 levels left

rFire    + + .     SeeInvis .   m - +2 hand axe (freeze)
rCold    . . .     Gourm    .   q - +0 buckler
rNeg     + . .     Faith    .   A - +2 robe {rC+ rF+}
rPois    ∞         Spirit   .   v - +0 helmet
rElec    +         Reflect  +   (no cloak)
rCorr    .         Harm     .   G - +0 pair of gloves
MR       +....                  (no boots)
Stlth    ++........             E - +6 amulet of reflection
Regen    0.2/turn               d - ring of fire
MPRegen  0.2/turn               O - ring of protection from magic

@: no status effects
A: negative energy resistance 1, electricity resistance, unbreathing,
petrification resistance, rot immunity, AC +7
a: Renounce Religion


You were on level 3 of the Lair of Beasts.
You worshipped Vehumet.
Vehumet was most pleased with you.
You were hungry.

You visited 3 branches of the dungeon, and saw 12 of its levels.
You also visited: Sewer, Ossuary and Bailey.

You collected 815 gold pieces.
You spent 301 gold pieces at shops.

Inventory:

Hand Weapons
 m - a +2 hand axe of freezing (weapon)
 S - a +0 quarterstaff
Missiles
 r - 17 poisoned needles
 V - 51 tomahawks of returning (quivered)
Armour
 q - a +0 buckler (worn)
 v - a +0 helmet (worn)
 A - a +2 robe of resistance (worn)
 G - a +0 pair of gloves (worn)
Jewellery
 d - a ring of fire (left hand)
 E - a +6 amulet of reflection (around neck)
 O - a ring of protection from magic (right hand)
Wands
 b - a wand of acid (5/15)
 j - a wand of flame (18/48)
 y - a wand of paralysis (6/24)
 T - a wand of iceblast (2/15)
Scrolls
 e - 7 scrolls of identify
 f - 5 scrolls of teleportation
 g - 8 scrolls of remove curse
 w - 2 scrolls of blinking {unknown}
 D - a scroll of enchant weapon {unknown}
 Y - a scroll of acquirement {unknown}
Potions
 h - a potion of heal wounds
 i - 3 potions of lignification {unknown}
 p - 5 potions of curing
 s - a potion of cancellation
 t - 6 potions of flight
 u - a potion of invisibility {unknown}
 x - 2 potions of might {unknown}
 z - 2 potions of mutation {unknown}
 C - 2 potions of agility {unknown}
 U - a potion of ambrosia {unknown}
 X - a potion of magic {unknown}
Miscellaneous
 B - a sack of spiders
Comestibles
 a - a chunk of flesh
 c - 3 bread rations
 M - 15 fruits


   Skills:
 + Level 5.1 Fighting
 - Level 1.0 Axes
   Level 0.2(0.6) Maces & Flails
 + Level 5.5 Dodging
 - Level 2.1 Stealth
 + Level 6.6 Shields
 + Level 7.6 Spellcasting
 + Level 8.0 Conjurations
 * Level 11.1 Fire Magic
 + Level 1.8 Evocations


You had 12 spell levels left.
You knew the following spells:

 Your Spells              Type           Power        Failure   Level  Hunger
a - Flame Tongue          Conj/Fire      #####        1%          1    None
b - Conjure Flame         Conj/Fire      ######..     1%          3    #......
f - Fireball              Conj/Fire      ######....   1%          5    #####..
g - Sticky Flame          Conj/Fire      ######..     1%          4    ###....


Dungeon Overview and Level Annotations

Branches:
Dungeon (8/15)             Temple (1/1) D:5            Lair (3/6) D:8
  Swamp: Lair:2-4    Shoals: Lair:2-4     Snake: Lair:2-4    Spider: Lair:2-4

Altars:
Ashenzari
Cheibriados
Dithmenos
Elyvilon
Fedhas
Gozag
Hepliaklqana
Kikubaaqudgha
Makhleb
Nemelex Xobeh
Okawaru
Qazlal
Ru
Sif Muna
Trog
Uskayaw
Vehumet
Xom
Yredelemnul
Zin
The Shining One

Shops:
D:7 ?(!(

Annotations:
Lair:2 slughead42's ghost, journeyman MiFi
Lair:3 Snorg


Innate Abilities, Weirdness & Mutations

You are resistant to torment.
Your stone body is resilient. (AC +7)
You are immune to poison.
You resist negative energy. (rN+)
You are resistant to electric shocks. (rElec)
You can survive without breathing.
You are immune to petrification.
You are immune to rotting.


Message History

Snorg barely misses you. Snorg claws you.
* * * LOW HITPOINT WARNING * * *
Snorg claws you.
* * * LOW HITPOINT WARNING * * *
You feel much better.
Snorg burns!
Snorg bites you!!
* * * LOW HITPOINT WARNING * * *
You block Snorg's attack. x2
Casting: Fireball
Confirm with . or Enter, or press ? or * to list all spells.
You don't have enough magic to cast that spell.
Evoke which item? (* to show all) (? for menu, Esc to quit)
Aiming: Paralyse (will waste charges)
Press: ? - help, Shift-Dir - straight line, f - Snorg
Aim: Snorg (severely wounded, berserk, fast, unusually strong, covered in liquid flames, chance to defeat MR: 19%) Snorg resists with almost no effort.
Evoking this partially-identified wand wasted a few charges.
Snorg burns!
Snorg bites you but does no damage. Snorg claws you.
* * * LOW HITPOINT WARNING * * *
Snorg closely misses you.
You block Snorg's attack. x2; Snorg claws you!
You die...

##......# ......
#P.....###P....#.
##...............#
#.................
##................
#................
#.................
##.........T......
#........@.......
############.....
#.## .


You could see Snorg (berserk).

Vanquished Creatures
  A hydra (Lair:1)
  2 two-headed ogres (D:8)
  Nergalle (Lair:2)
  2 oklob plants (Lair:1)
  2 spiny frogs (Lair:1)
  2 rime drakes
  3 komodo dragons
  8 blink frogs
  4 hippogriffs
  3 water moccasins
  5 orc warriors
  3 sky beasts
  A phantom (D:4)
  4 ogres
  A necrophage (D:6)
  A centaur (D:5)
  A crocodile (Lair:2)
  2 big kobolds
  3 bullfrogs
  3 water moccasin zombies (Ossuary)
  2 scorpions
  5 killer bees (D:7)
  4 howler monkeys
  2 crimson imps
  A centaur zombie (D:5)
  A quasit (D:5)
  3 hounds
  2 jellies
  7 orc priests
  4 orc wizards
  A bullfrog skeleton (D:7)
  A centaur skeleton (D:6)
  2 iguanas
  8 worker ants
  A big kobold zombie (Ossuary)
  3 hound skeletons
  2 mummies (Ossuary)
  A worker ant zombie (D:7)
  2 river rats
  15 adders
  13 gnolls
  2 shadow imps (D:6)
  2 oozes
  6 adder zombies (Ossuary)
  7 worms
  A dart slug (D:1)
  4 leopard geckos
  46 orcs
  5 giant cockroaches
  3 gnoll zombies (Ossuary)
  10 goblins
  11 hobgoblins
  11 jackals
  26 kobolds
  4 quokkas
  8 ball pythons
  7 bats
  5 frilled lizards
  A hobgoblin zombie (Ossuary)
  A jackal zombie (D:7)
  4 kobold zombies (Ossuary)
  6 orc zombies (Ossuary)
  A quokka skeleton (D:5)
  15 rats
  A bush (Lair:2)
  A plant (Lair:1)
320 creatures vanquished.

Vanquished Creatures (others)
  An orc (D:8)
  2 kobolds (Bailey)
  A fungus (Lair:2)
  A plant (Lair:1)
5 creatures vanquished.

Grand Total: 325 creatures vanquished

Notes
Turn   | Place    | Note
-------+----------+-------------------------------------------
     0 | D:1      | rutigerpupkin the Gargoyle Fire Elementalist began the quest for the Orb.
     0 | D:1      | Reached XP level 1. HP: 10/10 MP: 3/3
   120 | D:1      | Reached XP level 2. HP: 8/15 MP: 3/5
   625 | D:1      | Reached XP level 3. HP: 17/19 MP: 4/6
  1210 | D:2      | Reached skill level 4 in Fire Magic
  1495 | D:2      | Reached XP level 4. HP: 24/24 MP: 7/7
  1553 | D:3      | Reached skill level 1 in Shields
  1553 | D:3      | Reached XP level 5. HP: 25/28 MP: 4/9
  1743 | D:3      | Reached skill level 1 in Axes
  1871 | D:3      | Reached XP level 6. HP: 14/32 MP: 5/10
  1891 | D:3      | Found a glowing drain.
  1899 | Sewer    | Entered a sewer
  2239 | Sewer    | Reached skill level 5 in Fire Magic
  2361 | D:3      | Learned a level 3 spell: Conjure Flame
  2995 | D:5      | Entered Level 5 of the Dungeon
  3033 | D:5      | Reached XP level 7. HP: 30/36 MP: 3/12
  3265 | D:5      | Found a sand-covered staircase.
  3270 | Ossuary  | Entered an ossuary
  3486 | Ossuary  | Reached skill level 6 in Fire Magic
  3643 | Ossuary  | Reached XP level 8. HP: 41/41 MP: 9/13
  4158 | D:5      | Learned a level 4 spell: Sticky Flame
  4811 | D:4      | Reached skill level 7 in Fire Magic
  5211 | D:4      | Found a burning altar of Makhleb.
  5212 | D:4      | Found a shimmering altar of Xom.
  5213 | D:4      | Paralysed by a crimson imp for 4 turns
  5833 | D:5      | Found a staircase to the Ecumenical Temple.
  5842 | Temple   | Entered the Ecumenical Temple
  5850 | Temple   | Became a worshipper of Vehumet
  6529 | D:6      | Reached XP level 9. HP: 30/45 MP: 5/16
  6584 | D:6      | You fall through a shaft!
  6716 | D:6      | Reached skill level 5 in Spellcasting
  6905 | D:6      | Found an iron altar of Okawaru.
  6986 | D:7      | Found Gafraal's Weapon Boutique.
  7027 | D:7      | Reached skill level 5 in Conjurations
  7027 | D:7      | Reached skill level 8 in Fire Magic
  7414 | D:7      | Reached * piety under Vehumet
  7414 | D:7      | Offered knowledge of Shock by Vehumet.
  7421 | D:7      | Learned a level 5 spell: Fireball
  7596 | D:7      | Reached skill level 1 in Fighting
  7724 | D:7      | Reached skill level 5 in Shields
  7935 | D:7      | Found Vousuaro's Antique Weapon Boutique.
  7991 | D:7      | Found Sorhaun's Magic Scroll Emporium.
  7993 | D:7      | Found Tiottako's Distillery.
  7998 | D:7      | Bought 2 scrolls of amnesia for 98 gold pieces
  7998 | D:7      | Bought a scroll of noise for 14 gold pieces
  7998 | D:7      | Bought a scroll of enchant armour for 105 gold pieces
  8007 | D:7      | Bought a potion of degeneration for 14 gold pieces
  8007 | D:7      | Bought a potion of heal wounds for 70 gold pieces
  8128 | D:7      | Offered knowledge of Searing Ray by Vehumet.
  8210 | D:8      | Reached ** piety under Vehumet
  8228 | D:8      | Reached XP level 10. HP: 53/53 MP: 12/18
  8320 | D:8      | Noticed a two-headed ogre
  8335 | D:8      | Killed a two-headed ogre
  8335 | D:8      | Reached skill level 9 in Fire Magic
  8395 | D:8      | Noticed a two-headed ogre
  8408 | D:8      | Killed a two-headed ogre
  8433 | D:8      | Found a staircase to the Lair.
  8506 | D:8      | Found a stormy altar of Qazlal.
  8607 | D:8      | Found a flagged portal.
  8643 | Bailey   | Entered a bailey
  8763 | Bailey   | Offered knowledge of Static Discharge by Vehumet.
  8796 | Bailey   | Reached skill level 10 in Fire Magic
  8920 | Bailey   | Reached *** piety under Vehumet
  9207 | Lair:1   | Entered Level 1 of the Lair of Beasts
  9224 | Lair:1   | Noticed a spiny frog
  9228 | Lair:1   | Killed a spiny frog
  9282 | Lair:1   | Noticed a spiny frog
  9289 | Lair:1   | Killed a spiny frog
  9289 | Lair:1   | Reached XP level 11. HP: 37/60 MP: 12/21
  9398 | Lair:1   | Reached skill level 5 in Dodging
  9694 | Lair:1   | Noticed an oklob plant
  9928 | Lair:1   | Noticed a five-headed hydra
  9944 | Lair:1   | Killed a five-headed hydra
 10329 | Lair:1   | Killed an oklob plant
 10331 | Lair:1   | Noticed an oklob plant
 10403 | Lair:1   | Killed an oklob plant
 10450 | Lair:2   | Reached skill level 1 in Evocations
 10798 | Lair:2   | Noticed slughead42's ghost (journeyman MiFi)
 10817 | Lair:1   | Offered knowledge of Throw Icicle by Vehumet.
 10980 | Lair:2   | Noticed Nergalle
 10986 | Lair:2   | Noticed a spectral orc warlord
 10986 | Lair:2   | Killed Nergalle
 10986 | Lair:2   | Reached skill level 11 in Fire Magic
 11375 | Lair:2   | Reached skill level 5 in Fighting
 11503 | Lair:3   | Noticed Snorg
 11539 | Lair:3   | Slain by Snorg

Skill      XL: |  1  2  3  4  5  6  7  8  9 10 11 |
---------------+----------------------------------+-----
Fire Magic     | 4 5 6 7 8 10 11 | 11.1
Dodging        | 2 3 4 5 |  5.5
Conjurations   | 2 3 4 5 7 8 |  8.0
Shields        | 1 2 3 4 5 6 |  6.6
Axes           | 1 |  1.0
Spellcasting   | 3 4 5 7 |  7.6
Fighting       | 2 3 5 |  5.1
Evocations     | 1 |  1.8
Maces & Flails | |  0.2
Stealth        | |  2.1

Action                   |  1- 3 |  4- 6 |  7- 9 | 10-12 || total
-------------------------+-------+-------+-------+-------++-------
Melee: Club              |    35 |       |       |       ||    35
       Hand axe          |    23 |    86 |   255 |    80 ||   444
       Mace              |    11 |       |       |       ||    11
 Cast: Flame Tongue      |    53 |    65 |   182 |   106 ||   406
       Conjure Flame     |       |       |    23 |     2 ||    25
       Sticky Flame      |       |       |    23 |    39 ||    62
       Fireball          |       |       |       |    22 ||    22
Evoke: Wand              |       |       |       |     2 ||     2
  Use: Potion            |       |       |     1 |     4 ||     5
       Scroll            |       |       |     6 |     3 ||     9
 Stab: Sleeping          |     2 |     2 |       |       ||     4
  Eat: Chunk             |     3 |     6 |    18 |    15 ||    42
       Bread ration      |       |       |     1 |     1 ||     2
       Fruit             |       |       |       |     1 ||     1
Armor: Robe              |    36 |    51 |   140 |    32 ||   259
Dodge: Dodged            |    65 |    75 |   206 |    76 ||   422
Block: Buckler           |       |    10 |    68 |    80 ||   158
       Reflection        |       |       |       |    22 ||    22
